AoeStats
← CovidBryan

Arabia

508906325Analyzed
2v2 RM · 8d ago on Sep 24, 2026· 21m 43s· 4 players
Game mode
Random Map
Map size
Medium (4 player)
Population
200
Speed
Normal
Resources
Standard
Victory
Conquest
Starting age
Dark Age
Ending age
Imperial Age
RankedLock teamsTeams togetherTeam positionsShared explorationLock speedFull tech treeHidden civsTurbo modeCheats
Victory
Defeat
🇪🇸 Vietnamese · Spain
1154
+17
🇪🇸 Bulgarians · Spain
1130
+17
🇨🇭 Magyars · Switzerland
1172
-17
🇨🇭 Maya · Switzerland
1156
-17
sergiwhitehouse
6:21 Loom
6:27 Loom
10:09 Feudal Age
10:48 Double-Bit Axe
14:55 Gold Mining
15:19 Fletching
19:54 Castle Age
18:47 Padded Archer Armor
18:30 Horse Collar
20:22 Crossbowman
21:39 Bow Saw
21:58 Bodkin Arrow
CovidBryan
0:43 Loom
7:14 Loom
9:42 Feudal Age
10:17 Double-Bit Axe
13:56 Horse Collar
19:38 Castle Age
18:49 Bloodlines
19:02 Scale Barding Armor
19:19 Forging
19:05 Fletching
19:26 Forging
21:22 Chain Barding Armor
MC_Jumlox
3:45 Loom
10:55 Feudal Age
18:30 Castle Age
16:53 Double-Bit Axe
17:49 Town Watch
17:59 Horse Collar
19:42 Bloodlines
Fjschj
10:51 Feudal Age
12:30 Double-Bit Axe
15:47 Horse Collar
20:07 Castle Age
18:17 Gold Mining
19:18 Fletching
20:55 Pikeman
21:36 Squires
Connection lost

Rejoining the realm…

Still unreachable

The connection could not be restored.

Session expired

The server has moved on; the page needs a fresh start.